 Dungeon Crawl Stone Soup version 0.24-a0-778-g74da537585 (webtiles) character file.

Game seed: 8597881050973591503, levelgen mode: deterministic

102 Kohma the Thaumaturge (level 4, -12/32 HPs)
             Began as a Gnoll Wanderer on Oct 7, 2019.
             Killed by divine providence
             ... invoked by an orc priest
              (14 damage)
             ... on level 3 of the Dungeon.
             The game lasted 00:06:04 (2780 turns).

Kohma the Thaumaturge (Gnoll Wanderer)              Turns: 2780, Time: 00:06:05

Health: -12/32     AC:  2    Str: 12    XL:     4   Next: 77%
Magic:  5/17       EV: 12    Int: 15    God:
Gold:   129        SH:  0    Dex: 17    Spells: 18/25 levels left

rFire    . . .     SeeInvis .   a - +0 dagger
rCold    . . .     Gourm    .   (no shield)
rNeg     . . .     Faith    .   c - +0 robe
rPois    .         Spirit   .   (no helmet)
rElec    .         Reflect  .   (no cloak)
rCorr    .         Harm     .   (no gloves)
MR       .....                  (no boots)
Stlth    ++........             (no amulet)
HPRegen  0.10/turn              (no ring)
MPRegen  0.15/turn              (no ring)

@: very slightly contaminated
A: distributed training, fangs 1, strong nose
a: no special abilities


You were on level 3 of the Dungeon.
You were not hungry.

You visited 1 branch of the dungeon, and saw 3 of its levels.

You collected 129 gold pieces.

Inventory:

Hand Weapons
 a - a +0 dagger (weapon)
 e - a +0 hunting sling
 l - a +0 hunting sling
Missiles
 d - 5 boomerangs (quivered)
 g - 120 stones
 p - 34 sling bullets
Armour
 c - a +0 robe (worn)
 i - a +0 buckler
Scrolls
 b - 4 scrolls of identify {unknown}
 k - 2 scrolls of remove curse {unknown}
 n - a scroll of fear {unknown}
 o - a scroll of immolation {unknown}
 s - a scroll of teleportation {unknown}
Potions
 h - a potion of mutation {unknown}
 j - a potion of degeneration {unknown}
 m - 2 potions of lignification {unknown}
 q - a potion of curing {unknown}
Comestibles
 f - 2 rations
 r - 5 chunks of flesh


   Skills:
 + Level 1.2 Fighting
 + Level 1.2 Short Blades
 + Level 1.2 Long Blades
 + Level 1.2 Axes
 + Level 1.2 Maces & Flails
 + Level 1.2 Polearms
 + Level 1.2 Staves
 + Level 1.2 Slings
 + Level 1.2 Bows
 + Level 1.2 Crossbows
 + Level 1.2 Throwing
 + Level 1.2 Armour
 + Level 1.2 Dodging
 + Level 1.2 Stealth
 + Level 1.2 Shields
 + Level 1.2 Unarmed Combat
 + Level 11.2 Spellcasting
 + Level 1.0 Conjurations
 + Level 2.3 Hexes
 + Level 1.0 Charms
 + Level 1.0 Summonings
 + Level 1.0 Necromancy
 + Level 1.0 Translocations
 + Level 2.3 Transmutations
 + Level 2.3 Fire Magic
 + Level 1.0 Ice Magic
 + Level 1.0 Air Magic
 + Level 1.0 Earth Magic
 + Level 1.0 Poison Magic
 + Level 1.3 Invocations
 + Level 4.7 Evocations


You had 18 spell levels left.
You knew the following spells:

 Your Spells              Type           Power        Failure   Level  Hunger
a - Magic Dart            Conj           ##..         5%          1    None
b - Ensorcelled Hibernat  Hex/Ice        ##....       7%          2    None
c - Call Imp              Summ           ##......     9%          2    None
d - Blink                 Tloc           N/A          9%          2    None

Your spell library contained the following spells:

 Spells                   Type           Power        Failure   Level  Hunger
 Slow                     Hex            ###.....     4%          2    None
 Throw Frost              Conj/Ice       ##....       9%          2    None
 Conjure Flame            Conj/Fire      ##......     13%         3    None
 Mephitic Cloud           Conj/Pois/Air  ##......     17%         3    None


Dungeon Overview and Level Annotations

Branches:
Dungeon (3/15)

Altars:


Innate Abilities, Weirdness & Mutations

Your experience applies equally to all skills.
You have very sharp teeth.
Your uncanny sense of smell can sniff out nearby items.


Message History

The weapon returns to the orc!
The orc priest looks encouraged for a moment.
Casting: Magic Dart (safe; 5% risk of failure)
Confirm with . or Enter, or press ? or * to list all spells.
Aiming: Magic Dart (safe; 5% risk of failure)
Press: ? - help, Shift-Dir - straight line, f - orc priest
Aim: an orc priest The magic dart hits the orc priest.
The orc priest is lightly wounded.
The orc throws a boomerang.
The boomerang barely misses you.
The weapon returns to the orc!
The orc priest mumbles some strange prayers to Beogh against you.
Pain shoots through your body!
* * * LOW HITPOINT WARNING * * *
The orc throws a boomerang.
The boomerang hits you.
* * * LOW HITPOINT WARNING * * *
The weapon returns to the orc!
The orc priest invokes the aid of Beogh against you.
Beogh smites you!
You die...

#....# #....#
#....# ..
#.###..÷.# ...
#.#....÷.##### $...
#.#..........#
....##.###.#......#
#.................#
#......#....@..####
#..%...#....†..#
...........o...#
#..........#####
#......÷o..#
#..........#
#..........#
.........#.#
........(#.#


You could see an orc priest and an orc.

Vanquished Creatures
  4 adders
  A worm (D:2)
  2 dart slugs
  4 leopard geckos (D:1)
  2 orcs (D:3)
  7 goblins
  8 hobgoblins
  3 ball pythons (D:1)
  8 bats
  4 frilled lizards
  6 kobolds
  6 rats
55 creatures vanquished.

Notes
Turn   | Place    | Note
-------+----------+-------------------------------------------
     0 | D:1      | Reached skill level 11 in Spellcasting
     0 | D:1      | Kohma the Gnoll Wanderer began the quest for the Orb.
     0 | D:1      | Kohma set off with the following items: a +0 dagger, a +0
                  | robe, a ration; and the following spell memorised: Magic
                  | Dart; and the following spells available to memorise: Slow,
                  | Ensorcelled Hibernation, Blink, Call Imp, Throw Frost,
                  | Conjure Flame, Mephitic Cloud
     0 | D:1      | Reached XP level 1. HP: 13/13 MP: 12/12
   109 | D:1      | Reached XP level 2. HP: 6/19 MP: 5/14
   976 | D:1      | Reached XP level 3. HP: 15/25 MP: 11/15
  1162 | D:1      | Learned a level 2 spell: Ensorcelled Hibernation
  1165 | D:1      | Learned a level 2 spell: Call Imp
  1168 | D:1      | Learned a level 2 spell: Blink
  1427 | D:2      | Reached skill level 1 in Invocations
  1727 | D:2      | Reached skill level 1 in Fighting
  1727 | D:2      | Reached skill level 1 in Short Blades
  1727 | D:2      | Reached skill level 1 in Long Blades
  1727 | D:2      | Reached skill level 1 in Axes
  1727 | D:2      | Reached skill level 1 in Maces & Flails
  1727 | D:2      | Reached skill level 1 in Polearms
  1727 | D:2      | Reached skill level 1 in Staves
  1727 | D:2      | Reached skill level 1 in Slings
  1727 | D:2      | Reached skill level 1 in Bows
  1727 | D:2      | Reached skill level 1 in Crossbows
  1727 | D:2      | Reached skill level 1 in Throwing
  1727 | D:2      | Reached skill level 1 in Armour
  1727 | D:2      | Reached skill level 1 in Dodging
  1727 | D:2      | Reached skill level 1 in Stealth
  1727 | D:2      | Reached skill level 1 in Shields
  1727 | D:2      | Reached skill level 1 in Unarmed Combat
  1727 | D:2      | Reached XP level 4. HP: 23/32 MP: 12/17
  2633 | D:2      | Found a faded altar of an unknown god.
  2729 | D:3      | Reached skill level 1 in Conjurations
  2729 | D:3      | Reached skill level 1 in Charms
  2729 | D:3      | Reached skill level 1 in Summonings
  2729 | D:3      | Reached skill level 1 in Necromancy
  2729 | D:3      | Reached skill level 1 in Translocations
  2729 | D:3      | Reached skill level 1 in Ice Magic
  2729 | D:3      | Reached skill level 1 in Air Magic
  2729 | D:3      | Reached skill level 1 in Earth Magic
  2729 | D:3      | Reached skill level 1 in Poison Magic
  2780 | D:3      | Killed from afar by an orc priest

Levels and vault maps discovered:
D:1:      saegor_arrival_simple_c, layout_basic
D:2:      layout_basic, chequers_ecumenical_altar_grove, serial_curves,
          eino_curves_01, eino_curves_03, kennysheep_minor_cross
D:3:      layout_basic, first_ration, st_stairs_10, minmay_misc_feat_five,
          uniq_ijyb

Skill      XL: |  1  2  3  4 |
---------------+-------------+-----
Spellcasting   | | 11.2
Hexes          | 2 |  2.3
Transmutations | 2 |  2.3
Fire Magic     | 2 |  2.3
Invocations    | 1 |  1.3
Fighting       | 1 |  1.2
Short Blades   | 1 |  1.2
Long Blades    | 1 |  1.2
Axes           | 1 |  1.2
Maces & Flails | 1 |  1.2
Polearms       | 1 |  1.2
Staves         | 1 |  1.2
Slings         | 1 |  1.2
Bows           | 1 |  1.2
Crossbows      | 1 |  1.2
Throwing       | 1 |  1.2
Armour         | 1 |  1.2
Dodging        | 1 |  1.2
Stealth        | 1 |  1.2
Shields        | 1 |  1.2
Unarmed Combat | 1 |  1.2
Conjurations   | 1 |  1.0
Charms         | 1 |  1.0
Summonings     | 1 |  1.0
Necromancy     | 1 |  1.0
Translocations | 1 |  1.0
Ice Magic      | 1 |  1.0
Air Magic      | 1 |  1.0
Earth Magic    | 1 |  1.0
Poison Magic   | 1 |  1.0
Evocations     | |  4.7

Action                   |  1- 3 |  4- 6 || total
-------------------------+-------+-------++-------
Melee: Dagger            |    71 |    27 ||    98
       Bite              |     6 |     3 ||     9
       Punch             |     1 |       ||     1
Throw: Boomerang         |     1 |       ||     1
 Cast: Magic Dart        |    48 |    36 ||    84
       Ensorcelled Hiber |     3 |     2 ||     5
 Stab: Sleeping          |     3 |     4 ||     7
  Eat: Chunk             |     2 |     4 ||     6
Armor: Robe              |    30 |     1 ||    31
Dodge: Dodged            |    68 |    16 ||    84

Table legend:
 A = Non-vault XP
 B = Vault XP
 C = Vault XP percentage of total XP
 D = Non-vault monster count
 E = Vault monster count
 F = Vault count percentage of total count
                 A         B        C        D         E       F
            +---------+---------+-------+---------+---------+-------
      Total |     146 |       0 |   0.0 |      55 |       0 |   0.0
            +---------+---------+-------+---------+---------+-------
        D:1 |      42 |       0 |   0.0 |      24 |       0 |   0.0
        D:2 |      81 |       0 |   0.0 |      26 |       0 |   0.0
        D:3 |      23 |       0 |   0.0 |       5 |       0 |   0.0
            +---------+---------+-------+---------+---------+-------
